 Dungeon Crawl Stone Soup version 0.27-a0-1123-g2f9bb313c0 (webtiles) character file.

Game seed: 16972434688153534757

16039 robertstho the Thaumaturge (level 12, -2/76 HPs)
             Began as a Djinni Fire Elementalist on May 3, 2021.
             Was a Follower of Ashenzari.
             Slain by a skeletal warrior
             ... wielding a +0 halberd
             ... led by a death knight
              (24 damage)
             ... on level 11 of the Dungeon.
             The game lasted 00:27:58 (12732 turns).

robertstho the Thaumaturge (DjFE)                  Turns: 12732, Time: 00:27:58

Health: -2/76      AC:  6    Str:  9    XL:     12   Next: 33%
Gold:   588        EV: 16    Int: 20    God:    Ashenzari [*.....] SH:  0 Dex: 16

rFire    + + .     SeeInvis .   C - +5 whip of Subterfuge {venom, Fly Will++ Str+2}
rCold    x . .     Faith    .   (no shield)
rNeg     . . .     Spirit   .   a - +0 robe
rPois    ∞         Reflect  .   G - +2 helmet "Cursed Together" {Cun, Evo} (curse)
rElec    .         Harm     .   (no cloak)
rCorr    +         Rampage  .   D - +0 pair of gloves
Will     ++++.                  (boots unavailable)
Stlth    +++.......             n - amulet of Toth-Mos's Legacy {Regen+, Cun, Evo} (curse)
HPRegen  1.22/turn              g - ring of resist corrosion
MPRegen  0.00/turn              k - ring of willpower

@: flying
A: fire resistance 2, cold vulnerability 1, float, innate caster, hp casting,
extra vitality 1
a: Renounce Religion, Shatter the Chains


You were on level 11 of the Dungeon.
You worshipped Ashenzari.
Ashenzari was aware of your devotion.
You visited 2 branches of the dungeon, and saw 12 of its levels.
You also visited: Ossuary.

You collected 588 gold pieces.

Inventory:

Hand Weapons
 u - a +0 flail of holy wrath
 C - the +5 whip of Subterfuge (weapon) {venom, Fly Will++ Str+2}
   (You took it off an orc on level 7 of the Dungeon)

   It poisons the flesh of those it strikes.
   It affects your strength (+2).
   It grants you flight.
   It greatly increases your willpower.
 E - a +1 scimitar of flaming
 F - a +1 eveningstar of holy wrath
Missiles
 w - 6 atropa-tipped darts
Armour
 a - a +0 robe (worn)
 D - a +0 pair of gloves (worn)
 G - the cursed +2 helmet "Cursed Together" (worn) {Cun, Evo}
   (You found it on level 10 of the Dungeon)

   It has a curse which improves the following skills: Cunning: Dodging and
   Stealth.
   Evocations: Evocations.
Magical Staves
 p - a staff of fire
Jewellery
 g - a ring of resist corrosion (left hand)
 j - a ring of positive energy
 k - a ring of willpower (right hand)
 n - the cursed amulet of Toth-Mos's Legacy (around neck) {Regen+, Cun, Evo}
   (You found it on level 3 of the Dungeon)

   [amulet of regeneration]

   It increases your rate of health regeneration.
   It has a curse which improves the following skills: Cunning: Dodging and
   Stealth.
   Evocations: Evocations.
Wands
 z - a wand of digging (7)
 A - a wand of iceblast (26)
 H - a wand of mindburst (19)
 I - a wand of polymorph (7)
Scrolls
 e - 3 scrolls of brand weapon
 q - a scroll of enchant armour
 r - 2 scrolls of immolation
 s - 2 scrolls of fog
 t - 2 scrolls of enchant weapon
 x - 5 scrolls of magic mapping
 y - a scroll of blinking
Potions
 c - 3 potions of curing
 d - 2 potions of brilliance
 f - 2 potions of might
 i - a potion of attraction
 l - a potion of ambrosia
 m - a potion of resistance
 o - 2 potions of haste
 v - 3 potions of berserk rage
 B - a potion of invisibility
Miscellaneous
 b - a tin of tremorstones (2/2)


   Skills:
 + Level 3.3 Fighting
 + Level 1.8 Maces & Flails
 + Level 6.2(7.8) Dodging
 + Level 4.8(6.4) Stealth
 + Level 14.5 Spellcasting
 + Level 1.3(2.4) Evocations


You had 10 spell levels left.
You knew the following spells:

 Your Spells              Type           Power      Damage    Failure   Level
a - Foxfire               Conj/Fire      100%       2x1d9     0%          1
b - Conjure Flame         Conj/Fire      64%        6-21      1%          3
c - Inner Flame           Hex/Fire       64%        N/A       1%          3
d - Sticky Flame          Conj/Fire      64%        2d8       1%          4
e - Fireball              Conj/Fire      32%        3d14      1%          5
f - Pain                  Necr           100%       1d9       0%          1
g - Slow                  Hex            64%        N/A       0%          2
h - Summon Guardian Gole  Hex/Summ       64%        N/A       1%          3
i - Animate Dead          Necr           32%        N/A       1%          4
j - Animate Armour        Summ/Erth      100%       N/A       1%          4
Your spell library was empty.

Dungeon Overview and Level Annotations

Branches:
Dungeon (11/15)            Temple (1/1) D:5            Lair (0/6) D:10
    Orc (0/2) D:10        Ossuary (visited)

Altars:
Ashenzari
Dithmenos
Fedhas
Hepliaklqana
Kikubaaqudgha
Okawaru
Qazlal
Ru
Sif Muna
Wu Jian
Xom
Yredelemnul
The Shining One
Jiyva

Shops:
D:1 !   D:4 =   D:7 (   D:11 [

Annotations:
D:4 702 amulet
D:6 2 transporters, rgaf's ghost, amateur HOWn


Innate Abilities, Weirdness & Mutations

You are immune to poison.
Your flesh is very heat resistant. (rF++)
You are vulnerable to cold. (rC-)
You float through the air rather than walking.
You learn spells naturally, not from books.
Your magical power is your life essence.
You have superior vitality. (+4 HP)


Message History

A centaur is nearby!
Casting: Fireball (dangerous; 1% risk of failure)
Confirm with . or Enter, or press ? or * to list all spells.
Aiming: Fireball (dangerous; 1% risk of failure)
Press: ? - help, Shift-Dir - straight line, f - skeletal warrior
Aim: a skeletal warrior, wielding a +0 halberd (wandering, hasn't noticed you)
The fireball explodes!
The fireball engulfs the skeletal warrior!
The skeletal warrior is lightly damaged.
You hear a shout!
You hear a horrible gurgling sound!
The skeletal warrior hits you from afar with a +0 halberd!
Unknown command.
Casting: Fireball (dangerous; 1% risk of failure)
Confirm with . or Enter, or press ? or * to list all spells.
Aiming: Fireball (dangerous; 1% risk of failure)
Press: ? - help, Shift-Dir - straight line, f/p - skeletal warrior
Aim: a skeletal warrior, wielding a +0 halberd (lightly damaged)
The fireball explodes!
The fireball engulfs the skeletal warrior!
The skeletal warrior is moderately damaged.
The fireball engulfs the wraith!
The wraith is moderately damaged.
The skeletal warrior hits you from afar with a +0 halberd!
Casting: Fireball (dangerous; 1% risk of failure)
Confirm with . or Enter, or press ? or * to list all spells.
Aiming: Fireball (dangerous; 1% risk of failure)
Press: ? - help, Shift-Dir - straight line, f/p - skeletal warrior
Aim: a skeletal warrior, wielding a +0 halberd (moderately damaged)
The fireball explodes!
The fireball engulfs the skeletal warrior!
The skeletal warrior is heavily damaged.
The fireball engulfs the wraith!!
The wraith is almost destroyed.
The fireball engulfs the centaur warrior zombie!!
The centaur warrior zombie is lightly damaged.
The skeletal warrior hits you from afar with a +0 halberd!!
* * * LOW HITPOINT WARNING * * *
Unknown command.
The skeletal warrior hits you from afar with a +0 halberd!!
You die...

?## #..# .' #....# ..#
#..#..# #....# .##
#..#..# #....# .#
#..#WW#####....# ##
#..#Wl.u..#...## ##
#..#uW.ZW.#...#
.##..#####..#####z.#...#
..#.....c#..#......#.###
#.#.....c#†.#...@..#.#
..#####.?#..#..#####.#
..# .....#..#......#.#
.##......#..#...)..#.#
.# ..#####..#####).#.#
.# ......#..#......#.#
.# ......#..#......###
.# ####c[#..#..##### .##
.....#..#......#


You could see a skeletal warrior and a wraith.

Vanquished Creatures
  Erolcha (D:9)
  Erica (D:9)
  A two-headed ogre (D:9)
  A centaur warrior (D:11)
  Urug (D:10)
  Nergalle (D:11)
  Pikel (D:9)
  A deep elf pyromancer (D:11)
  2 manticores (D:11)
  An ugly thing (D:11)
  2 gargoyles
  A hornet (D:10)
  2 trolls (D:11)
  3 shadows
  A vampire (D:11)
  4 yaks
  3 wyverns
  Menkaure (D:7)
  3 wargs (D:10)
  A vampire mosquito (D:11)
  An acid dragon (D:10)
  2 water moccasins
  Duvessa (D:7)
  A necrophage (D:7)
  3 orc warriors
  3 ogres
  5 centaurs
  4 lemures (D:9)
  A phantom (D:10)
  3 kobold brigands
  2 elf zombies (Ossuary)
  A gnoll sergeant (D:8)
  A bullfrog (D:7)
  3 scorpions
  Dowan (D:7)
  3 troll zombies (D:10)
  14 killer bees
  2 howler monkeys
  7 centaur zombies
  2 jellies (D:10)
  A hound (D:5)
  8 orc priests
  A gnoll shaman (D:10)
  A centaur skeleton (D:7)
  9 orc wizards
  A killer bee zombie (D:6)
  5 ogre zombies (D:10)
  3 hound zombies
  4 mummies
  3 howler monkey zombies
  A howler monkey skeleton (D:6)
  6 adders
  7 gnolls
  2 white imps
  An adder skeleton (D:4)
  2 adder zombies (Ossuary)
  A worm (D:3)
  3 dart slugs
  31 orcs
  4 ball pythons (D:2)
  8 endoplasms
  3 giant cockroaches
  5 goblins
  A hobgoblin (D:3)
  7 jackals
  16 kobolds
  4 quokkas
  4 bats
  3 frilled lizards
  A gnoll zombie (Ossuary)
  2 goblin skeletons (D:10)
  4 goblin zombies
  A hobgoblin skeleton (D:10)
  8 hobgoblin zombies
  4 jackal zombies (Ossuary)
  3 kobold zombies (Ossuary)
  3 orc skeletons (D:10)
  14 orc zombies
  6 quokka zombies (Ossuary)
  4 rats
  5 rat zombies (Ossuary)
292 creatures vanquished.

Vanquished Creatures (collateral kills)
  8 foxfires (D:2)
8 creatures vanquished.

Vanquished Creatures (others)
  The ghost of Pooter the Severer, a journeyman MiFi of Trog (D:10)
  2 slime creatures (D:10)
  A wraith (D:10)
  2 jellies (D:10)
  1068 foxfires
  9 plants (D:10)
1083 creatures vanquished.

Grand Total: 1383 creatures vanquished

Notes
Turn   | Place    | Note
-------+----------+-------------------------------------------
     0 | D:1      | robertstho the Djinni Fire Elementalist began the quest for
                  | the Orb.
     0 | D:1      | Reached XP level 1. HP: 15/15 MP: 0/0
   304 | D:1      | Found Qoecrueco's Distillery.
   552 | D:1      | Reached skill level 3 in Spellcasting
   656 | D:1      | Found a faded altar of an unknown god.
   701 | D:1      | Reached XP level 2. HP: 16/21 MP: 0/0
  1865 | D:2      | Reached XP level 3. HP: 21/25 MP: 0/0
  1865 | D:2      | Learned a level 1 spell: Pain
  2737 | D:3      | Reached XP level 4. HP: 26/31 MP: 0/0
  2866 | D:3      | Reached skill level 4 in Spellcasting
  2870 | D:3      | Reached XP level 5. HP: 10/35 MP: 0/0
  2870 | D:3      | Learned a level 2 spell: Slow
  3889 | D:3      | Found an iron altar of Okawaru.
  4295 | D:4      | Reached skill level 5 in Spellcasting
  4447 | D:4      | Reached XP level 6. HP: 35/40 MP: 0/0
  4993 | D:4      | Found Gaezatuf's Jewellery Shoppe.
  5080 | D:5      | Entered Level 5 of the Dungeon
  5371 | D:5      | Reached XP level 7. HP: 40/45 MP: 0/0
  5371 | D:5      | Learned a level 3 spell: Summon Guardian Golem
  5420 | D:5      | Reached skill level 6 in Spellcasting
  5640 | D:5      | Found a sand-covered staircase.
  5652 | Ossuary  | Entered an ossuary
  6803 | Ossuary  | Reached skill level 7 in Spellcasting
  6876 | Ossuary  | Reached XP level 8. HP: 43/50 MP: 0/0
  7126 | D:5      | Found a staircase to the Ecumenical Temple.
  7141 | Temple   | Entered the Ecumenical Temple
  7188 | Temple   | Became a worshipper of Ashenzari the Shackled
  7841 | D:6      | Found a transporter.
  7842 | D:6      | Noticed rgaf's ghost (amateur HOWn)
  8043 | D:6      | Reached skill level 8 in Spellcasting
  8145 | D:6      | Found a transporter.
  8287 | D:7      | Found Odo We Xiph's Antique Weapon Shoppe.
  8309 | D:7      | Identified the +5 whip of Subterfuge {venom, Fly Will++
                  | Str+2}
  8506 | D:7      | Noticed Menkaure
  8513 | D:7      | Killed Menkaure
  8514 | D:7      | Reached skill level 9 in Spellcasting
  8514 | D:7      | Reached XP level 9. HP: 33/56 MP: 0/0
  8514 | D:7      | Learned a level 4 spell: Animate Dead
  8915 | D:7      | Noticed Duvessa
  8915 | D:7      | Noticed Dowan
  8923 | D:7      | Killed Dowan
  8924 | D:7      | Reached skill level 1 in Fighting
  8924 | D:7      | Killed Duvessa
  9139 | D:7      | Reached skill level 10 in Spellcasting
  9174 | D:8      | Found the +6 shillelagh "Devastator" {shatter}
 10048 | D:9      | Noticed Pikel
 10051 | D:9      | Noticed Erolcha
 10054 | D:9      | Killed Pikel
 10055 | D:9      | Reached skill level 11 in Spellcasting
 10055 | D:9      | Reached XP level 10. HP: 51/64 MP: 0/0
 10061 | D:9      | Killed Erolcha
 10259 | D:9      | Noticed a two-headed ogre
 10260 | D:9      | Reached skill level 5 in Dodging
 10270 | D:9      | Killed a two-headed ogre
 10424 | D:9      | Noticed Erica
 10749 | D:9      | Killed Erica
 10750 | D:9      | Reached skill level 12 in Spellcasting
 10813 | D:10     | Entered Level 10 of the Dungeon
 10825 | D:10     | Noticed Urug
 10831 | D:10     | Killed Urug
 10832 | D:10     | Reached XP level 11. HP: 41/70 MP: 0/0
 10832 | D:10     | Learned a level 4 spell: Animate Armour
 10861 | D:10     | Reached skill level 1 in Maces & Flails
 10978 | D:10     | Found a staircase to the Orcish Mines.
 11052 | D:10     | Found a staircase to the Lair.
 11060 | D:10     | Reached skill level 1 in Evocations
 11411 | D:10     | Reached * piety under Ashenzari
 11475 | D:10     | Reached skill level 13 in Spellcasting
 11540 | D:10     | Found a runed translucent gate.
 11541 | D:10     | Found a runed translucent gate.
 11542 | D:10     | Found a runed translucent gate.
 11547 | D:10     | Noticed Pooter's ghost (journeyman MiFi)
 11549 | D:10     | Found a viscous altar of Jiyva.
 11852 | D:10     | Killed Pooter's ghost
 11916 | D:11     | Found Evoacuoka's Armour Shop.
 11916 | D:11     | Noticed a manticore
 11918 | D:11     | Noticed a green ugly thing
 12026 | D:11     | Noticed Nergalle
 12031 | D:11     | Killed Nergalle
 12053 | D:11     | Killed a green ugly thing
 12164 | D:11     | Killed a manticore
 12165 | D:11     | Reached skill level 14 in Spellcasting
 12165 | D:11     | Reached XP level 12. HP: 64/76 MP: 0/0
 12361 | D:11     | Noticed a death knight
 12470 | D:11     | Noticed a centaur warrior
 12612 | D:11     | Killed a centaur warrior
 12732 | D:11     | Slain by a skeletal warrior

Illustrated notes

Levels and vault maps discovered:
D:1:      minmay_arrival_solitary_statue, layout_basic, serial_shops,
          nicolae_shop_statue_plus, shapermc_ecumenical_altar_starsandcircs
D:2:      layout_basic, minmay_hedge_maze
D:3:      layout_basic, lemuel_coloured_pillars_altar
D:4:      layout_cave_pools, serial_shops, kennysheep_little_box
D:5:      layout_basic, minmay_temple_entry_mist, gup_ossuary_entry_pyramid
D:6:      layout_rooms, gammafunk_ghost_smash
D:7:      layout_basic, serial_shops, shop_statue,
          amcnicky_mini_corridor_feature, minmay_misc_feat_cross,
          minmay_misc_feat_room, minmay_misc_feat_roman, uniq_menkaure,
          uniq_duvessa
D:8:      layout_loops_ring, minmay_tree_intersection, minmay_misc_feat_tower
D:9:      layout_long_grid, uniq_pikel, uniq_erolcha, uniq_erica
D:10:     layout_rooms, erik_lair_orcish_takeover, zombieorc2_lemuel,
          gammafunk_ghost_endoplasm, serial_bayou_lagoon_a, uniq_urug
D:11:     kennysheep_windowed_halls, layout_rooms, serial_shops, shop,
          uniq_nergalle
Temple:   regret_index_temple_sigil_plot

Skill      XL: |  1  2  3  4  5  6  7  8  9 10 11 |
---------------+----------------------------------+-----
Spellcasting   | 3 4 5 7 9 11 12 14 | 14.5
Stealth        | 2 3 4 |  4.8
Dodging        | 3 4 5 6 |  6.2
Fighting       | 1 2 3 |  3.3
Maces & Flails | 1 |  1.8
Evocations     | 1 |  1.3

Action                   |  1- 3 |  4- 6 |  7- 9 | 10-12 || total
-------------------------+-------+-------+-------+-------++-------
Melee: Whip              |       |       |     7 |     8 ||    15
 Cast: Foxfire           |    99 |   124 |   357 |    73 ||   653
       Sticky Flame      |       |       |    17 |    13 ||    30
       Fireball          |       |       |    11 |   126 ||   137
       Summon Guardian G |       |       |       |     7 ||     7
Invok: Curse Item        |       |       |     1 |     1 ||     2
Evoke: Wand              |       |       |       |     2 ||     2
  Use: Potion            |       |     2 |       |     1 ||     3
       Scroll            |       |       |    12 |     1 ||    13
 Stab: Sleeping          |       |       |     1 |       ||     1
Armor: Robe              |     6 |     4 |     6 |    11 ||    27
Dodge: Dodged            |     8 |    20 |    57 |    30 ||   115

Table legend: (Time is in decaauts)
 A = Elapsed time spent in this place.
 B = Non-inter-level travel time spent in this place.
 C = Inter-level travel time spent in this place.
 D = Time resting spent in this place.
 E = Time spent auto-exploring this place.
 F = Levels seen in this place.
 G = Mean time per level.
                   A        B        C        D        E       F      G
               +--------+--------+--------+--------+--------+-----+--------+
         Total |  12739 |  12355 |    384 |    737 |   9808 |  13 |  979.9 |
       Dungeon |  11348 |  10991 |    357 |    541 |   8848 |  11 | 1031.6 |
        Temple |     65 |     38 |     27 |      0 |     37 |   1 |   65.0 |
       Ossuary |   1325 |   1325 |      0 |    196 |    923 |   1 | 1325.0 |
               +--------+--------+--------+--------+--------+-----+--------+

Top non-repeatable levels by time:
     D:3: 1888 daAuts
 Ossuary: 1325 daAuts
     D:2: 1291 daAuts
     D:1: 1106 daAuts
     D:4: 1043 daAuts
     D:5: 1039 daAuts
    D:10: 1005 daAuts
     D:7: 1005 daAuts
     D:9: 893 daAuts
     D:8: 876 daAuts
    D:11: 768 daAuts
     D:6: 430 daAuts
  Temple: 65 daAuts
